 Dungeon Crawl Stone Soup version 0.31-a0-204-g7da18cac08 (webtiles) character file.

Game seed: 8783917171043719545

92 innerfire43 the Trooper (level 4, -7/37 HPs)
             Began as a Demonspawn Monk on June 27, 2023.
             Mangled by a gnoll
             ... wielding a +0 flail
              (9 damage)
             ... on level 2 of the Dungeon.
             The game lasted 00:01:32 (1586 turns).

innerfire43 the Trooper (Demonspawn Monk)           Turns: 1586, Time: 00:01:33

Health: -7/37      AC:  4    Str: 13    XL:     4   Next: 35%
Magic:  4/4        EV: 13    Int: 11    God:
Gold:   108        SH:  4    Dex: 16    Spells: 3/3 levels left

rFire   . . .        a - +0 hand axe
rCold   . . .        d - orb {light}
rNeg    . . .        b - +0 robe
rPois   .            (no helmet)
rElec   .            (no cloak)
rCorr   .            (no gloves)
SInv    .            (no boots)
Will    .....        (no amulet)
Stlth   +            (no ring)
HPRegen 0.26/turn    (no ring)
MPRegen 0.09/turn

%: no passive effects
@: glowing
A: molten scales 1, powered by pain 1, condensation shield
a: no special abilities


You were on level 2 of the Dungeon.
You visited 1 branch of the dungeon, and saw 2 of its levels.

You collected 108 gold pieces.

Inventory:

Hand Weapons
 a - a +0 hand axe (weapon)
Armour
 b - a +0 robe (worn)
 d - an orb of light (worn)
Wands
 k - a wand of quicksilver (5)
Scrolls
 c - a scroll of revelation {unknown}
 e - a scroll of immolation {unknown}
 g - a scroll of amnesia {unknown}
 h - a scroll of torment {unknown}
 j - a scroll of enchant weapon {unknown}
 m - a scroll of noise {unknown}
 n - a scroll of teleportation {unknown}
Potions
 f - a potion of might {unknown}
 i - a potion of lignification {unknown}
 l - a potion of heal wounds {unknown}


   Skills:
 + Level 3.9 Fighting
 + Level 3.4 Axes
 + Level 3.5 Dodging


You had 3 spell levels left.
You didn't know any spells.
Your spell library contained the following spells:

 Spells                   Type           Power      Damage    Failure   Level
 Beastly Appendage        Tmut           0%         N/A       34%         1
 Scorch                   Fire           0%         2d5       47%         2
 Wereblood                Tmut           0%         N/A       47%         2
 Spider Form              Tmut/Pois      0%         N/A       71%         3
 Flame Wave               Conj/Fire      0%         2d4       98%         4
 Iskenderun's Battlesphe  Conj           0%         2d6       100%        5
 Leda's Unmaking          Conj/Erth      0%         9d1       100%        6
 Summon Cactus Giant      Summ           0%         N/A       100%        6
 Spellforged Servitor     Conj/Summ      0%         N/A       100%        7


Dungeon Overview and Level Annotations

Branches:
Dungeon (2/15)

Altars:


Innate Abilities, Weirdness & Mutations

You are partially covered in molten scales. (AC +2)
You sometimes gain a little power by taking damage.
A meltable shield of frost defends you. (SH +4)


Message History

You kill the bat!
No target in view!
You see here a bat corpse.
A gnoll comes into view. It is wielding a +0 flail.
The gnoll shouts!
A gnoll is nearby!
The gnoll throws a throwing net.
The throwing net completely misses you.
A gnoll is nearby!
A gnoll comes into view. It is wielding a +0 spear.
The gnoll moves out of view.
You hit the gnoll.
The gnoll is lightly wounded.
The gnoll hits you with a +0 flail.
There are monsters nearby!
You hit the gnoll but do no damage.
The gnoll is lightly wounded.
The gnoll hits you with a +0 flail! The gnoll barely misses you.
You hit the gnoll but do no damage.
The gnoll is lightly wounded.
The gnoll hits you with a +0 flail.
There are monsters nearby!
You hit the gnoll but do no damage. The gnoll misses you.
The gnoll hits you from afar with a +0 spear.
You are too injured to fight recklessly!
You hit the gnoll.
The gnoll is moderately wounded.
The gnoll hits you with a +0 flail. The gnoll closely misses you.
You barely miss the gnoll.
The gnoll is moderately wounded.
The gnoll misses you. The gnoll closely misses you.
You hit the gnoll but do no damage.
The gnoll is moderately wounded.
The gnoll hits you with a +0 flail.
* * * LOW HITPOINT WARNING * * *
The gnoll hits you from afar with a +0 spear!
* * * LOW HITPOINT WARNING * * *
You hit the gnoll.
The gnoll is heavily wounded.
The gnoll hits you with a +0 flail!
You die...

#...#.###.#........###.........##
#..##.###.#.......## ##.......###
#.........###....## ##.....## #
#####.##### #....# ##...## # #.#
#.#### ##'## # #.# #.# #.# #.#
#.# . #.# #.# #.######.... #.#
#.# #(..@gg..... ## #(#
########.... .####.# . ......#
.###### ##


You could see 2 gnolls.

Vanquished Creatures
  Robin (D:2)
  An adder (D:2)
  2 dart slugs (D:1)
  6 ball pythons
  6 endoplasms
  A giant cockroach (D:1)
  10 goblins
  13 hobgoblins
  2 quokkas
  5 bats
  11 frilled lizards
  2 kobolds (D:1)
  5 rats
65 creatures vanquished.

Notes
Turn   | Place    | Note
-------+----------+-------------------------------------------
     0 | D:1      | innerfire43 the Demonspawn Monk began the quest for the
                  | Orb.
     0 | D:1      | Reached XP level 1. HP: 18/18 MP: 1/1
    56 | D:1      | Gained mutation: You are partially covered in molten
                  | scales. (AC +2) [demonic ancestry]
    56 | D:1      | Reached XP level 2. HP: 13/24 MP: 2/2
   353 | D:1      | Gained mutation: You sometimes gain a little power by
                  | taking damage. [demonic ancestry]
   353 | D:1      | Reached XP level 3. HP: 29/29 MP: 3/3
   718 | D:2      | Noticed Robin
   740 | D:2      | Killed Robin
   866 | D:2      | Gained mutation: A meltable shield of frost defends you.
                  | (SH +4) [demonic ancestry]
   866 | D:2      | Reached XP level 4. HP: 31/37 MP: 4/4
  1586 | D:2      | Mangled by a gnoll

Illustrated notes

Levels and vault maps discovered:
D:1:      roderic_dead_forest, layout_rooms, serial_bayou_pond_b, st_stairs_6,
          minmay_lizard_pond
D:2:      layout_loops_corners, minmay_increasing_density, uniq_robin

Skill      XL: |  1  2 |
---------------+-------+-----
Axes           | 3 |  3.4
Dodging        | 3 |  3.5
Fighting       | |  3.9

Action                     |  1- 3 |  4- 6 || total
---------------------------+-------+-------++-------
  Melee: Hand axe          |    98 |    44 ||   142
    Use: Potion            |     4 |       ||     4
 Armour: Robe              |    34 |    13 ||    47
  Dodge: Dodged            |    93 |    27 ||   120
  Block: Orb               |       |     2 ||     2

Table legend: (Time is in decaauts)
 A = Elapsed time spent in this place.
 B = Non-inter-level travel time spent in this place.
 C = Inter-level travel time spent in this place.
 D = Time resting spent in this place.
 E = Time spent auto-exploring this place.
 F = Levels seen in this place.
 G = Mean time per level.
                   A        B        C        D        E       F      G
               +--------+--------+--------+--------+--------+-----+--------+
         Total |   1621 |   1591 |     30 |      0 |   1284 |   2 |  810.5 |
       Dungeon |   1621 |   1591 |     30 |      0 |   1284 |   2 |  810.5 |
               +--------+--------+--------+--------+--------+-----+--------+

Top non-repeatable levels by time:
     D:2: 1073 daAuts
     D:1: 547 daAuts
